 Dungeon Crawl Stone Soup version 0.22.1-6-g1668fe2c40 (webtiles) character file.

94 Rediskos the Magician (level 4, -4/32 HPs)
             Began as a Gnoll Wizard on Jan 17, 2019.
             Killed by divine providence
             ... invoked by an orc priest
              (13 damage)
             ... on level 3 of the Dungeon.
             The game lasted 00:05:04 (2515 turns).

Rediskos the Magician (Gnoll Wizard)                Turns: 2515, Time: 00:05:05

Health: -4/32      AC:  2    Str:  9    XL:     4   Next: 63%
Magic:  5/13       EV: 15    Int: 22    God:
Gold:   86         SH:  0    Dex: 16    Spells: 6/17 levels left

rFire    . . .     SeeInvis .     - Unarmed
rCold    + . .     Gourm    .   (no shield)
rNeg     . . .     Faith    .   a - +0 robe
rPois    .         Spirit   .   b - +0 hat
rElec    .         Reflect  .   (no cloak)
rCorr    .         Harm     .   (no gloves)
MR       .....                  (no boots)
Stlth    +++.......             (no amulet)
HPRegen  0.10/turn              f - ring of protection from cold
MPRegen  0.13/turn              h - +3 ring of dexterity

@: no status effects
A: distributed training, fangs 1, strong nose
a: no special abilities


You were on level 3 of the Dungeon.
You were hungry.

You visited 1 branch of the dungeon, and saw 3 of its levels.

You collected 86 gold pieces.

Inventory:

Armour
 a - a +0 robe (worn)
 b - a +0 hat (worn)
Jewellery
 f - a ring of protection from cold (left hand)
 h - a +3 ring of dexterity (right hand)
Scrolls
 e - a scroll of identify
 j - a scroll of remove curse
Potions
 c - a potion of heal wounds
 l - a potion of lignification {unknown}
Comestibles
 d - 4 rations


   Skills:
 + Level 1.2 Fighting
 + Level 1.2 Short Blades
 + Level 1.2 Long Blades
 + Level 1.2 Axes
 + Level 1.2 Maces & Flails
 + Level 1.2 Polearms
 + Level 1.2 Staves
 + Level 1.2 Slings
 + Level 1.2 Bows
 + Level 1.2 Crossbows
 + Level 1.2 Throwing
 + Level 1.2 Armour
 + Level 4.6 Dodging
 + Level 4.3 Stealth
 + Level 1.2 Shields
 + Level 1.2 Unarmed Combat
 + Level 7.2 Spellcasting
 + Level 2.2 Conjurations
 + Level 1.0 Hexes
 + Level 1.0 Charms
 + Level 2.2 Summonings
 + Level 1.0 Necromancy
 + Level 2.2 Translocations
 + Level 1.0 Transmutations
 + Level 1.0 Fire Magic
 + Level 1.0 Ice Magic
 + Level 1.0 Air Magic
 + Level 1.0 Earth Magic
 + Level 1.0 Poison Magic
 + Level 1.3 Invocations
 + Level 1.2 Evocations


You had 6 spell levels left.
You knew the following spells:

 Your Spells              Type           Power        Failure   Level  Hunger
a - Magic Dart            Conj           ###.         3%          1    None
b - Blink                 Tloc           N/A          4%          2    None
d - Conjure Flame         Conj/Fire      ###.....     12%         3    None
q - Mephitic Cloud        Conj/Pois/Air  ##......     14%         3    None
s - Call Imp              Summ           ###.....     4%          2    None

Your spell library contained the following spells:

 Spells                   Type           Power        Failure   Level  Hunger
 Slow                     Hex            ##......     9%          2    None


Dungeon Overview and Level Annotations

Branches:
Dungeon (3/15)

Altars:
Kikubaaqudgha
Nemelex Xobeh


Innate Abilities, Weirdness & Mutations

Your experience applies equally to all skills.
You have very sharp teeth.
Your uncanny sense of smell can sniff out nearby items.


Message History

Your crimson imp blinks!
Your crimson imp hits the orc but does no damage.
Your crimson imp closely misses the orc.
The orc closely misses your crimson imp.
The orc barely misses your crimson imp.
Your crimson imp hits the orc.
Your crimson imp blinks!
An orc priest comes into view. It is wielding a trident.
The orc misses your crimson imp.
The orc priest mumbles some strange prayers to Beogh against you.
Pain shoots through your body!
* * * LOW HITPOINT WARNING * * *
Your crimson imp closely misses the orc.
The orc priest calls upon Beogh to heal the orc.
The orc's wounds heal themselves!
Your crimson imp completely misses the orc.
Your crimson imp hits the orc.
There is a stone staircase leading up here.
The orc priest calls down the wrath of Beogh upon you.
Beogh smites you!
You die...

o.. #..........
.... ###..J.?....?
.....##............
......†....5#
.##o....# #.5...#
#.....# #o....# .
#@....##....
#..<........
######...... ......
..†... ..... .... .


You could see a jelly, an orc priest, an orc and 2 friendly crimson imps.

Vanquished Creatures
  4 adders (D:2)
  A worm (D:2)
  2 dart slugs (D:1)
  A leopard gecko (D:3)
  An orc (D:3)
  2 bats
  2 giant cockroaches
  8 goblins
  5 hobgoblins
  3 kobolds (D:2)
  A quokka (D:3)
  2 ball pythons
  5 rats
37 creatures vanquished.

Vanquished Creatures (collateral kills)
  Robin (D:2)
  An orc (D:3)
  3 goblins (D:2)
  4 jackals (D:2)
9 creatures vanquished.

Grand Total: 46 creatures vanquished

Notes
Turn   | Place    | Note
-------+----------+-------------------------------------------
     0 | D:1      | Rediskos the Gnoll Wizard began the quest for the Orb.
     0 | D:1      | Reached XP level 1. HP: 13/13 MP: 8/8
   204 | D:1      | Reached XP level 2. HP: 11/19 MP: 2/10
   209 | D:1      | Learned a level 2 spell: Blink
   212 | D:1      | Learned a level 2 spell: Call Imp
   364 | D:1      | Found a sparkling altar of Nemelex Xobeh.
   732 | D:2      | Reached XP level 3. HP: 25/25 MP: 3/11
   890 | D:2      | Noticed Robin
   900 | D:2      | Killed Robin
   900 | D:2      | Reached skill level 1 in Invocations
   907 | D:2      | Learned a level 3 spell: Conjure Flame
   911 | D:2      | Learned a level 3 spell: Mephitic Cloud
  1126 | D:2      | Reached skill level 1 in Fighting
  1126 | D:2      | Reached skill level 1 in Short Blades
  1126 | D:2      | Reached skill level 1 in Long Blades
  1126 | D:2      | Reached skill level 1 in Axes
  1126 | D:2      | Reached skill level 1 in Maces & Flails
  1126 | D:2      | Reached skill level 1 in Polearms
  1126 | D:2      | Reached skill level 1 in Staves
  1126 | D:2      | Reached skill level 1 in Slings
  1126 | D:2      | Reached skill level 1 in Bows
  1126 | D:2      | Reached skill level 1 in Crossbows
  1126 | D:2      | Reached skill level 1 in Throwing
  1126 | D:2      | Reached skill level 1 in Armour
  1126 | D:2      | Reached skill level 1 in Shields
  1126 | D:2      | Reached skill level 1 in Unarmed Combat
  1126 | D:2      | Reached skill level 1 in Evocations
  1183 | D:2      | Reached XP level 4. HP: 32/32 MP: 7/13
  1396 | D:2      | Found an ancient bone altar of Kikubaaqudgha.
  2494 | D:3      | Reached skill level 1 in Hexes
  2494 | D:3      | Reached skill level 1 in Charms
  2494 | D:3      | Reached skill level 1 in Necromancy
  2494 | D:3      | Reached skill level 1 in Transmutations
  2494 | D:3      | Reached skill level 1 in Fire Magic
  2494 | D:3      | Reached skill level 1 in Ice Magic
  2494 | D:3      | Reached skill level 1 in Air Magic
  2494 | D:3      | Reached skill level 1 in Earth Magic
  2494 | D:3      | Reached skill level 1 in Poison Magic
  2515 | D:3      | Killed from afar by an orc priest

Skill      XL: |  1  2  3  4 |
---------------+-------------+-----
Conjurations   | 2 |  2.2
Summonings     | 2 |  2.2
Translocations | 2 |  2.2
Invocations    | 1 |  1.3
Fighting       | 1 |  1.2
Short Blades   | 1 |  1.2
Long Blades    | 1 |  1.2
Axes           | 1 |  1.2
Maces & Flails | 1 |  1.2
Polearms       | 1 |  1.2
Staves         | 1 |  1.2
Slings         | 1 |  1.2
Bows           | 1 |  1.2
Crossbows      | 1 |  1.2
Throwing       | 1 |  1.2
Armour         | 1 |  1.2
Shields        | 1 |  1.2
Unarmed Combat | 1 |  1.2
Evocations     | 1 |  1.2
Hexes          | 1 |  1.0
Charms         | 1 |  1.0
Necromancy     | 1 |  1.0
Transmutations | 1 |  1.0
Fire Magic     | 1 |  1.0
Ice Magic      | 1 |  1.0
Air Magic      | 1 |  1.0
Earth Magic    | 1 |  1.0
Poison Magic   | 1 |  1.0
Dodging        | |  4.6
Stealth        | |  4.3
Spellcasting   | |  7.2

Action                   |  1- 3 |  4- 6 || total
-------------------------+-------+-------++-------
 Cast: Magic Dart        |    50 |    37 ||    87
       Call Imp          |     6 |     6 ||    12
       Conjure Flame     |     1 |       ||     1
       Blink             |       |     1 ||     1
  Use: Scroll            |     2 |     4 ||     6
  Eat: Chunk             |     1 |     3 ||     4
Armor: Robe              |       |     1 ||     1
Dodge: Dodged            |     3 |     3 ||     6
